 Seeded DCSS version 0.30-a0-476-g330ca2eb8e (webtiles) character file.

Game seed: 16792993399291170163 (custom seed)

364 purpskrrrp the Cutter (level 6, 0/35 HPs)
             Began as a Vampire Brigand on Dec 22, 2022.
             Slain by an orc
             ... wielding a +2 mace of holy wrath
              (6 damage)
             ... on level 5 of the Dungeon.
             The game lasted 00:07:23 (4321 turns).

purpskrrrp the Cutter (Vampire Brigand)             Turns: 4321, Time: 00:07:24

Health: 0/35       AC:  4    Str: 16    XL:     6   Next: 39%
Magic:  0/6        EV: 11    Int: 14    God:
Gold:   75         SH:  6    Dex: 15    Spells: 5/5 levels left

rFire   . . .      SeeInvis +    k - +2 dagger (distort)
rCold   + + +      Faith    .    i - +3 warlock's mirror {reflect}
rNeg    + + +      Spirit   +    b - +0 robe
rPois   ∞          Reflect  +    (no helmet)
rElec   .          Harm     .    c - +1 cloak
rCorr   +          Rampage  .    (no gloves)
Will    .....                    (no boots)
Stlth   +++++.....               g - amulet of guardian spirit
HPRegen 0.00/turn                f - ring of resist corrosion
MPRegen 0.10/turn                s - ring of the Morning {rC++ rN++ Str+6 Dex-2}

@: bloodless, inhibited regen, hasted, very quick
A: bloodless, fangs 3, see invisible, vampiric 2
a: Bat Form, Revivify


You were on level 5 of the Dungeon.
You visited 1 branch of the dungeon, and saw 5 of its levels.

You collected 180 gold pieces.
You spent 105 gold pieces at shops.

Inventory:

Hand Weapons
 a - a +2 dagger
 k - a +2 dagger of distortion (weapon)
Missiles
 d - 9 poisoned darts
 e - 3 curare-tipped darts
Armour
 b - a +0 robe (worn)
 c - a +1 cloak (worn)
 i - the +3 warlock's mirror (worn) {reflect}
   (You acquired it on level 2 of the Dungeon)

   It can block and reflect piercing ranged attacks and magical attacks against
   the wielder's willpower.
Jewellery
 f - a ring of resist corrosion (left hand)
 g - an amulet of guardian spirit (around neck)
 j - a ring of ice
 m - a +6 ring of intelligence
 p - a ring of wizardry
 s - the ring of the Morning (right hand) {rC++ rN++ Str+6 Dex-2}
   (You acquired it on level 3 of the Dungeon)

   [ring of strength]

   Str:       It affects your strength (+6).
   Dex:       It affects your dexterity (-2).
   rC:        It greatly protects you from cold.
   rN:        It greatly protects you from negative energy.
Scrolls
 l - a scroll of blinking
 n - a scroll of amnesia
 o - 2 scrolls of magic mapping
 r - 3 scrolls of poison
 t - a scroll of teleportation
Potions
 w - a potion of attraction
 x - a potion of haste
 z - a potion of might


   Skills:
 - Level 1.7 Fighting
 + Level 7.6 Short Blades
 - Level 1.5 Throwing
 - Level 1.1 Dodging
 - Level 5.8 Stealth


You had 5 spell levels left.
You didn't know any spells.
Your spell library contained the following spells:

 Spells                   Type           Power      Damage    Failure   Level
 Apportation              Tloc           0%         N/A       36%         1
 Necrotise                Necr           0%         1d4       36%         1
 Summon Small Mammal      Summ           0%         N/A       36%         1
 Ensorcelled Hibernation  Hex/Ice        0%         N/A       52%         2
 Passwall                 Tmut/Erth      0%         N/A       52%         2
 Static Discharge         Conj/Air       0%         2-2/arc   52%         2
 Call Canine Familiar     Summ           0%         N/A       75%         3
 Portal Projectile        Hex/Tloc       0%         N/A       75%         3
 Swiftness                Air            0%         N/A       75%         3
 Vhi's Electric Charge    Tloc/Air       0%         N/A       75%         3
 Leda's Liquefaction      Hex/Erth       0%         N/A       98%         4
 Arcjolt                  Conj/Air       0%         1d10      100%        5
 Lightning Bolt           Conj/Air       0%         1d11      100%        5


Dungeon Overview and Level Annotations

Branches:
Dungeon (5/15)
 Temple: D:4-7

Altars:
Dithmenos
Kikubaaqudgha
Nemelex Xobeh
Okawaru
Uskayaw
Yredelemnul

Shops:
D:5 ?

Annotations:
D:4 1 runed translucent door, bande's ghost, amateur GrFi


Innate Abilities, Weirdness & Mutations

You do not regenerate when monsters are visible.
You are frail without blood (-20% HP).
You can heal yourself when you bite living creatures.
You are immune to poison.
You have razor-sharp teeth.
You have supernaturally acute eyesight. (SInv)
You are afflicted with vampirism and can become a bat while bloodless.


Message History

The magic dart hits the orc wizard!
You kill the orc wizard!
You barely miss the orc priest.
The orc priest shouts!
The orc shouts! x2
You hit the orc priest.
The orc priest is lightly wounded.
The orc priest blinks!
The orc priest hits you with a +0 club.
The orc hits you with a +2 mace of holy wrath.
You convulse!
The orc priest invokes the aid of Beogh against you.
Beogh smites you! The orc hits you with a +0 whip.
* * * LOW HITPOINT WARNING * * *
You are too injured to fight recklessly!
You are too injured to fight recklessly!
You are too injured to fight recklessly!
You are too injured to fight recklessly!
You are too injured to fight recklessly!
You are too injured to fight recklessly!
You are too injured to fight recklessly!
You are too injured to fight recklessly!
You are too injured to fight recklessly!
You are too injured to fight recklessly!
You are too injured to fight recklessly!
You are too injured to fight recklessly!
You are too injured to fight recklessly!
You are too injured to fight recklessly!
You are too injured to fight recklessly!
You are too injured to fight recklessly!
You are too injured to fight recklessly!
You are too injured to fight recklessly!
You are too injured to fight recklessly!
You are too injured to fight recklessly!
You are too injured to fight recklessly!
You are too injured to fight recklessly!
You feel yourself speed up.
The orc priest calls upon Beogh to heal the orc priest.
The orc priest's wounds heal themselves!
The orc hits you with a +2 mace of holy wrath!
You die...

....... ......
.......#######....
.............#....
#########......#....
#.......'......#....
#.......#......#....
#.......#......#....
#.o)....#......#....
#..@....#......####.
#.oo....#...........
#.o.....#...>.......
#....(..#...........
#.......#...........
#.......#...........
#.......#...........
#.......#######.....
#.....


You could see 2 orc priests and 2 orcs.

Vanquished Creatures
  An ogre (D:4)
  A howler monkey (D:4)
  A jelly (D:4)
  Jessica (D:3)
  An orc wizard (D:5)
  Robin (D:4)
  6 adders
  An ufetubus (D:4)
  2 worms (D:2)
  9 orcs (D:4)
  8 ball pythons
  4 bats
  6 endoplasms
  2 giant cockroaches (D:2)
  10 goblins
  10 hobgoblins
  2 jackals (D:2)
  4 quokkas
  2 frilled lizards
  6 kobolds
  2 rats (D:1)
80 creatures vanquished.

Vanquished Creatures (others)
  A goblin (D:4)
  A plant (D:2)
2 creatures vanquished.

Grand Total: 82 creatures vanquished

Notes
Turn   | Place    | Note
-------+----------+-------------------------------------------
     0 | D:1      | purpskrrrp the Vampire Brigand began the quest for the Orb.
     0 | D:1      | Reached XP level 1. HP: 16/16 MP: 1/1
   146 | D:1      | Reached skill level 3 in Short Blades
   285 | D:1      | Reached XP level 2. HP: 17/17 MP: 2/2
  1284 | D:2      | Identified a scroll of acquirement
  1284 | D:2      | Acquired the +3 warlock's mirror {reflect}
  1284 | D:2      | Found the +3 warlock's mirror {reflect}
  1293 | D:2      | Gained mutation: You are afflicted with vampirism and can
                  | become a bat while bloodless. [Vampire growth]
  1293 | D:2      | Reached XP level 3. HP: 19/21 MP: 3/3
  1406 | D:2      | Reached skill level 4 in Short Blades
  1797 | D:2      | Found a faded altar of an unknown god.
  1996 | D:2      | Reached XP level 4. HP: 24/26 MP: 4/4
  2416 | D:3      | Acquired the ring of the Morning {rC++ rN++ Str+6 Dex-2}
  2643 | D:3      | Noticed Jessica
  2652 | D:3      | Killed Jessica
  2653 | D:3      | Reached skill level 5 in Short Blades
  2948 | D:3      | Found a shadowy altar of Dithmenos.
  2952 | D:3      | Found an ancient bone altar of Kikubaaqudgha.
  2952 | D:3      | Found an iron altar of Okawaru.
  2960 | D:3      | Found a sparkling altar of Nemelex Xobeh.
  2963 | D:3      | Found a hide-covered altar of Uskayaw.
  3176 | D:4      | Reached skill level 6 in Short Blades
  3176 | D:4      | Reached XP level 5. HP: 30/30 MP: 5/5
  3248 | D:4      | Noticed Robin
  3270 | D:4      | Killed Robin
  3594 | D:4      | Found a basalt altar of Yredelemnul.
  3737 | D:4      | Found a runed translucent door.
  3737 | D:4      | Noticed bande's ghost (amateur GrFi)
  3858 | D:4      | Noticed an ogre
  3863 | D:4      | Killed an ogre
  3864 | D:4      | Reached skill level 7 in Short Blades
  3864 | D:4      | Reached XP level 6. HP: 35/35 MP: 6/6
  4271 | D:5      | Entered Level 5 of the Dungeon
  4271 | D:5      | Found Utyak's Magic Scroll Emporium.
  4276 | D:5      | Bought a scroll of enchant weapon for 105 gold pieces
  4321 | D:5      | Slain by an orc

Illustrated notes

Levels and vault maps discovered:
D:1:      lemuel_arrival_tunnels, layout_basic
D:2:      layout_basic, nicolae_ecumenical_lake_church, serial_forest,
          infiniplex_forest_clump_small, infiniplex_forest_clump_small,
          infiniplex_forest_straight_3, infiniplex_forest_straight_1,
          infiniplex_forest_lined_2
D:3:      layout_loops_corners, minmay_overflow_temple_star_hex, uniq_jessica
D:4:      layout_basic, yredelemnul_altar_generic, gammafunk_ghost_grave,
          uniq_robin
D:5:      layout_gridville, serial_shops, kennysheep_mini, abandoned_shop,
          nicolae_stop_n_shop_1

Skill      XL: |  1  2  3  4  5 |
---------------+----------------+-----
Short Blades   | 3 4 6 7 |  7.6
Fighting       | |  1.7
Throwing       | |  1.5
Dodging        | |  1.1
Stealth        | |  5.8

Action                   |  1- 3 |  4- 6 || total
-------------------------+-------+-------++-------
Melee: Dagger            |   118 |   102 ||   220
       Bite              |    15 |     7 ||    22
Throw: Dart              |     2 |       ||     2
 Abil: Exsanguinate      |     1 |       ||     1
  Use: Scroll            |     4 |    12 ||    16
       Potion            |       |     3 ||     3
 Stab: Sleeping          |    13 |    11 ||    24
       Distracted        |     1 |       ||     1
Armor: Robe              |    12 |     9 ||    21
Dodge: Dodged            |    39 |    24 ||    63
Block: Buckler           |    20 |    16 ||    36
       Reflection        |       |     4 ||     4

Table legend: (Time is in decaauts)
 A = Elapsed time spent in this place.
 B = Non-inter-level travel time spent in this place.
 C = Inter-level travel time spent in this place.
 D = Time resting spent in this place.
 E = Time spent auto-exploring this place.
 F = Levels seen in this place.
 G = Mean time per level.
                   A        B        C        D        E       F      G
               +--------+--------+--------+--------+--------+-----+--------+
         Total |   4258 |   4158 |    100 |    676 |   2852 |   5 |  851.6 |
       Dungeon |   4258 |   4158 |    100 |    676 |   2852 |   5 |  851.6 |
               +--------+--------+--------+--------+--------+-----+--------+

Top non-repeatable levels by time:
     D:1: 1233 daAuts
     D:4: 1157 daAuts
     D:2: 997 daAuts
     D:3: 822 daAuts
     D:5: 48 daAuts
